 Dungeon Crawl Stone Soup version 0.26.1-2-gb8aa6d0cf2 (webtiles) character file.

Game seed: 15787011333743701012

690 H0rd4k the Charlatan (level 7, -4/51 HPs)
             Began as a Human Artificer on Feb 10, 2021.
             Killed from afar by a white imp (8 damage)
             ... with a puff of frost
             ... on level 5 of the Dungeon.
             The game lasted 00:09:29 (8235 turns).

H0rd4k the Charlatan (Human Artificer)              Turns: 8235, Time: 00:09:29

Health: -4/51      AC:  4    Str: 15    XL:     7   Next: 95%
Magic:  7/7        EV: 13    Int: 11    God:
Gold:   351        SH:  0    Dex: 13    Spells: 6/6 levels left

rFire    . . .     SeeInvis .   E - +0 falchion
rCold    . . .     Faith    .   (no shield)
rNeg     . . .     Spirit   .   b - +0 leather armour
rPois    .         Reflect  .   g - +0 helmet
rElec    .         Harm     .   (no cloak)
rCorr    .         Rampage  .   (no gloves)
Will     .....                  i - -1 pair of boots (curse)
Stlth    ++........             (no amulet)
HPRegen  0.17/turn              (no ring)
MPRegen  0.10/turn              (no ring)

@: no status effects
A: no striking features
a: no special abilities


You were on level 5 of the Dungeon.
You visited 2 branches of the dungeon, and saw 6 of its levels.

You collected 351 gold pieces.

Inventory:

Hand Weapons
 h - a +0 dagger
 E - a +0 falchion (weapon)
 G - a +4 shortbow
Missiles
 f - 14 poisoned darts (quivered)
 H - 28 arrows
Armour
 b - a +0 leather armour (worn)
 g - a +0 helmet (worn)
 i - a cursed -1 pair of boots (worn)
 w - a +0 robe of fire resistance
 C - the +2 buckler of Grim Salvation {+Blink rN+ Str+2}
   (You found it on level 4 of the Dungeon)

   It affects your strength (+2).
   It protects you from negative energy.
   It lets you blink.
Jewellery
 r - an uncursed ring of resist corrosion {unknown}
Wands
 d - a wand of enslavement (12)
 e - a wand of random effects (3)
 x - a wand of disintegration (36)
 y - a wand of polymorph (7)
Scrolls
 c - a scroll of immolation {unknown}
 j - 6 scrolls of identify {unknown}
 p - 2 scrolls of enchant weapon {unknown}
 t - a scroll of magic mapping {unknown}
 u - a scroll of remove curse {unknown}
 v - a scroll of fog {unknown}
 z - a scroll of enchant armour {unknown}
Potions
 a - a potion of brilliance {unknown}
 k - a potion of cancellation {unknown}
 l - 2 potions of ambrosia
 m - 3 potions of degeneration {unknown}
 n - a potion of berserk rage {unknown}
 o - a potion of attraction {unknown}
 q - a potion of resistance {unknown}
 s - a potion of invisibility {unknown}
 A - a potion of flight {unknown}
 B - a potion of curing {unknown}
 D - a potion of mutation {unknown}
 F - a potion of haste {unknown}


   Skills:
 + Level 2.9 Fighting
 + Level 3.4(3.5) Short Blades
 + Level 0.4(2.1) Long Blades
 + Level 1.3 Throwing
 + Level 3.5 Armour
 + Level 3.4 Dodging
 + Level 3.1 Stealth
 + Level 4.2 Evocations


You had 6 spell levels left.
You didn't know any spells.
Your spell library was empty.

Dungeon Overview and Level Annotations

Branches:
Dungeon (5/15)             Temple (1/1) D:4

Altars:
Ashenzari
Cheibriados
Dithmenos
Elyvilon
Fedhas
Hepliaklqana
Kikubaaqudgha
Makhleb
Nemelex Xobeh
Okawaru
Qazlal
Ru
Sif Muna
Trog
Uskayaw
Vehumet
Wu Jian
Yredelemnul
The Shining One

Annotations:
D:3 Grinder
D:4 exclusion: upstairs


Message History

The white imp is heavily wounded.
The white imp gestures at you. The puff of frost hits you.
You hit the white imp.
The white imp is severely wounded.
The white imp misses you.
You barely miss the white imp.
The white imp is severely wounded.
The white imp gestures at you. The puff of frost hits you!
* * * LOW HITPOINT WARNING * * *
You hit the white imp.
The white imp is almost dead.
The white imp hits you.
* * * LOW HITPOINT WARNING * * *
The white imp freezes you.
* * * LOW HITPOINT WARNING * * *
The white imp gestures at you. The puff of frost hits you!
You die...

#### # #..
#|#5# #
#.#@##.####
#..........
###.######.
#.# #.# #.#
#.# #.# #.#


You could see a white imp.

Vanquished Creatures
  2 ogres
  A centaur (D:5)
  A howler monkey (D:4)
  Jessica (D:3)
  Ijyb (D:3)
  Terence (D:2)
  4 worker ants
  Robin (D:3)
  7 adders
  A shadow imp (D:2)
  2 oozes (D:1)
  An adder skeleton (D:5)
  4 worms
  A dart slug (D:4)
  4 leopard geckos
  14 orcs
  7 bats
  9 giant cockroaches
  5 hobgoblins
  9 jackals
  8 kobolds
  2 quokkas
  A ball python (D:1)
  5 frilled lizards
  A giant cockroach zombie (D:5)
  17 goblins
  A leopard gecko skeleton (D:5)
  11 rats
122 creatures vanquished.

Vanquished Creatures (collateral kills)
  2 orcs (D:3)
2 creatures vanquished.

Grand Total: 124 creatures vanquished

Notes
Turn   | Place    | Note
-------+----------+-------------------------------------------
     0 | D:1      | H0rd4k the Human Artificer began the quest for the Orb.
     0 | D:1      | Reached XP level 1. HP: 15/15 MP: 1/1
   222 | D:1      | Reached XP level 2. HP: 12/21 MP: 2/2
   922 | D:1      | Reached XP level 3. HP: 24/26 MP: 3/3
   956 | D:1      | HP: 1/26 [ooze (2)]
  1836 | D:2      | Reached skill level 1 in Short Blades
  2093 | D:2      | Reached XP level 4. HP: 30/32 MP: 4/4
  2813 | D:2      | Noticed Terence
  2824 | D:2      | Killed Terence
  2825 | D:2      | Reached XP level 5. HP: 37/37 MP: 5/5
  2879 | D:2      | Found a broken altar of Ashenzari.
  3511 | D:3      | Found a faded altar of an unknown god.
  3768 | D:3      | Noticed an ogre
  3808 | D:3      | Killed an ogre
  3809 | D:3      | Reached XP level 6. HP: 34/44 MP: 6/6
  4192 | D:3      | Noticed Grinder
  4235 | D:4      | Reached skill level 4 in Evocations
  4314 | D:4      | Found a white marble altar of Elyvilon.
  5052 | D:4      | Noticed an ogre
  5112 | D:4      | Killed an ogre
  5113 | D:4      | Reached skill level 1 in Throwing
  5113 | D:4      | Reached XP level 7. HP: 38/51 MP: 7/7
  5706 | D:4      | Got a faintly glowing buckler
  5712 | D:4      | Identified the +2 buckler of Grim Salvation {+Blink rN+
                  | Str+2} (You found it on level 4 of the Dungeon)
  6362 | D:3      | Noticed Ijyb
  6366 | D:3      | Noticed Jessica
  6377 | D:3      | Killed Jessica
  6428 | D:3      | Noticed Robin
  6477 | D:3      | Killed Ijyb
  6897 | D:3      | Killed Robin
  7114 | D:4      | Found a staircase to the Ecumenical Temple.
  7123 | Temple   | Entered the Ecumenical Temple
  7519 | D:5      | Entered Level 5 of the Dungeon
  8081 | D:5      | Found a shadowy altar of Dithmenos.
  8235 | D:5      | Killed from afar by a white imp

Illustrated notes

Levels and vault maps discovered:
D:1:      lemuel_arrival_behind_the_door_large, layout_loops_cross,
          minivault_24, chequers_serial_rivers_small_b, st_stairs_12,
          dk_noncrumbling_4, minmay_pentomino_q4
D:2:      minmay_general_purpose_star, layout_basic, ashenzari_altar_1,
          uniq_terence
D:3:      layout_basic, chequers_ecumenical_altar_grove, uniq_robin,
          uniq_jessica, uniq_grinder, uniq_ijyb
D:4:      layout_rooms, elyvilon_altar_3, minmay_temple_entry_poolview,
          serial_co_window_serial, co_window_paths_b,
          co_window_of_opportunity_a, co_window_paths_b, co_window_corner_a,
          co_window_paths_a, co_window_unsneaky_path_c,
          co_window_unsneaky_path_b, co_window_unsneaky_path_c,
          co_window_broadway_c, glass_columns_a, glass_columns_a,
          glass_columns_a, glass_columns_a
D:5:      layout_loops_cross, kennysheep_mini, serial_bayou_crossing
Temple:   minmay_crystal_spiral_temple

Skill      XL: |  1  2  3  4  5  6  7 |
---------------+----------------------+-----
Short Blades   | 1 2 3 |  3.4
Armour         | 3 |  3.5
Dodging        | 2 3 |  3.4
Stealth        | 2 3 |  3.1
Fighting       | 2 |  2.9
Evocations     | 4 |  4.2
Throwing       | 1 |  1.3
Long Blades    | |  0.4

Action                   |  1- 3 |  4- 6 |  7- 9 || total
-------------------------+-------+-------+-------++-------
Melee: Dagger            |   165 |   249 |   187 ||   601
       Club              |     7 |       |       ||     7
       Falchion          |       |       |    58 ||    58
Throw: Dart              |       |    15 |     9 ||    24
Evoke: Wand              |     2 |    19 |    10 ||    31
  Use: Potion            |       |     1 |       ||     1
 Stab: Sleeping          |     1 |     4 |     4 ||     9
       Paralysed         |       |     4 |     1 ||     5
Armor: Leather armour    |    73 |    55 |    47 ||   175
Dodge: Dodged            |   127 |   132 |   140 ||   399
Block: Buckler           |       |       |     1 ||     1
       Rpst.: Falchion   |       |       |    11 ||    11
